 Dungeon Crawl Stone Soup version 0.31-a0-542-gdc2a67831c (webtiles) character file.

Game seed: 11254147045764501497

403 arthad the Trooper (level 6, -2/33 HPs)
             Began as a Vine Stalker Fighter on Aug 14, 2023.
             Slain by a hornet (6 damage)
             ... on level 5 of the Dungeon.
             The game lasted 00:04:26 (2608 turns).

arthad the Trooper (Vine Stalker Fighter)           Turns: 2608, Time: 00:04:27

Health: -2/33      AC:  8    Str: 21    XL:     6   Next: 86%
Magic:  0/7        EV:  9    Int: 12    God:
Gold:   118        SH:  5    Dex: 13    Spells: 5/5 levels left

rFire   . . .        l - +10 spear "Yrchiwk" {heavy, Int+4}
rCold   . . .        c - +0 buckler
rNeg    + . .        b - +0 scale mail
rPois   +            (no helmet)
rElec   .            w - +0 cloak {rPois}
rCorr   .            (no gloves)
SInv    .            (no boots)
Will    .....        (no amulet) Stlth
                     o - ring of positive energy
HPRegen 1.05/turn    (no ring)
MPRegen 0.10/turn

%: guardian spirit
@: slowed, very slow
A: fangs 2, regeneration 1, magic shield, antimagic bite, no potion heal 2
a: no special abilities


You were on level 5 of the Dungeon.
You visited 1 branch of the dungeon, and saw 5 of its levels.

You collected 203 gold pieces.
You spent 85 gold pieces at shops.

Inventory:

Hand Weapons
 a - a +0 war axe
 g - a +2 hand axe of venom
 l - the +10 spear "Yrchiwk" (weapon) {heavy, Int+4}
   (You found it on level 2 of the Dungeon)

   Int+4:     It affects your intelligence (+4).
 x - the +10 spear of Carved Expedience {freeze, Str+4}
   (You found it on level 5 of the Dungeon)

   Str+4:     It affects your strength (+4).
Armour
 b - a +0 scale mail (worn)
 c - a +0 buckler (worn)
 w - a +0 cloak of poison resistance (worn)
Jewellery
 o - a ring of positive energy (left hand)
Scrolls
 f - a scroll of blinking {unknown}
 h - 2 scrolls of identify {unknown}
 j - a scroll of poison {unknown}
 k - a scroll of noise {unknown}
 m - 2 scrolls of amnesia {unknown}
 n - a scroll of enchant weapon {unknown}
 q - 3 scrolls of teleportation {unknown}
 r - a scroll of enchant armour {unknown}
 t - 2 scrolls of revelation {unknown}
Potions
 d - 2 potions of might
 e - a potion of enlightenment {unknown}
 i - 4 potions of curing
 p - a potion of heal wounds {unknown}
 s - a potion of lignification {unknown}
 u - 3 potions of degeneration {unknown}
 v - 2 potions of haste {unknown}


   Skills:
 + Level 4.1 Fighting
 + Level 3.5 Axes
 + Level 3.7 Armour
 + Level 4.0 Shields


You had 5 spell levels left.
You didn't know any spells.
Your spell library contained the following spells:

 Spells                   Type           Power      Damage    Failure   Level
 Summon Small Mammal      Summ           0%         N/A       71%         1
 Blink                    Tloc           0%         N/A       85%         2
 Lesser Beckoning         Tloc           0%         N/A       85%         2
 Momentum Strike          Conj/Tloc      0%         3d8       85%         2
 Call Canine Familiar     Summ           0%         N/A       97%         3
 Summon Guardian Golem    Hex/Summ       0%         N/A       97%         3


Dungeon Overview and Level Annotations

Branches:
Dungeon (5/15)
 Temple: D:4-7

Altars:
Nemelex Xobeh
Qazlal

Shops:
D:1 [   D:4 [


Innate Abilities, Weirdness & Mutations

You have extremely sharp teeth.
Your natural rate of healing is unusually fast.
When hurt, damage is shared between your health and your magic reserves.
Your bite disrupts and absorbs the magic of your enemies.
Potions cannot restore your health.


Message History

Something you can't see is in the way.
You closely miss something. Something hits you but does no damage.
You reach to attack!
You puncture the orc!
You kill the orc!
Something hits you. Something hits you but does no damage.
Something you can't see is in the way.
You impale something!!
Reactivating autopickup.
You feel a bit more experienced.
You puncture the orc!
You kill the orc!
Items here: )) [ †.
You see here a +0 club.
You now have 118 gold pieces (gained 12).
Found an escape hatch in the ceiling.
A hornet comes into view.
The hornet buzzes angrily.
A hornet is nearby!
Found a scroll labelled EMAIL OXASK.
There is an escape hatch in the ceiling here.
You have nothing you can fire or use right now.
You aren't carrying any items that you can evoke.
You puncture the hornet! Your bite misses the hornet.
The hornet is heavily wounded.
The hornet stings you!
You are poisoned.
You feel yourself slow down. The hornet closely misses you.
You impale the hornet!! You bite the hornet, but do no damage.
The hornet is almost dead.
You feel very sick. The hornet stings you.
You feel as though you will be slow longer.
The hornet stings you!
* * * LOW HITPOINT WARNING * * *
The hornet misses you. The hornet stings you!
* * * LOW HITPOINT WARNING * * *
You are too injured to fight recklessly!
You are too injured to fight recklessly!
It was a potion of curing.
Your system rejects the healing.
You feel better. The hornet stings you!
You die...

.............#########.#
...............#....# #.#
....................###.#
...............####......
##.............########.#
.........................
###......###.#.#.######.#
.........###.#.#......#.#
##....y@....#.######.#.#
........................#
?...#################.###
... #.... .. #.### #.#
#.# #.# #.###


You could see a hornet.

Vanquished Creatures
  An ogre (D:4)
  A hound (D:5)
  An iguana (D:4)
  A sleepcap (D:5)
  3 orc wizards
  4 adders
  An ufetubus (D:4)
  2 worms
  16 orcs
  5 bats
  7 endoplasms
  7 giant cockroaches
  10 hobgoblins
  4 jackals (D:3)
  8 kobolds
  2 quokkas (D:1)
  5 ball pythons
  3 frilled lizards
  7 goblins
  4 rats
92 creatures vanquished.

Notes
Turn   | Place    | Note
-------+----------+-------------------------------------------
     0 | D:1      | arthad the Vine Stalker Fighter began the quest for the
                  | Orb.
     0 | D:1      | Reached XP level 1. HP: 11/11 MP: 2/2
    58 | D:1      | Reached XP level 2. HP: 15/16 MP: 3/3
   336 | D:1      | Reached XP level 3. HP: 15/19 MP: 4/4
   457 | D:1      | Found Ruot's Antique Armour Emporium.
   589 | D:2      | Identified the +10 spear "Yrchiwk" {heavy, Int+4}
   675 | D:2      | Found a sparkling altar of Nemelex Xobeh.
  1173 | D:3      | Gained mutation: Your natural rate of healing is unusually
                  | fast. [Vine Stalker growth]
  1173 | D:3      | Reached XP level 4. HP: 24/24 MP: 5/5
  1523 | D:3      | Reached XP level 5. HP: 26/28 MP: 6/6
  1859 | D:4      | Noticed an ogre
  1870 | D:4      | Killed an ogre
  1923 | D:4      | Reached XP level 6. HP: 33/33 MP: 7/7
  1936 | D:4      | Found Siopru's Armour Boutique.
  1947 | D:4      | Bought a +0 cloak of poison resistance for 85 gold pieces
  1953 | D:4      | Found a stormy altar of Qazlal.
  2444 | D:5      | Entered Level 5 of the Dungeon
  2501 | D:5      | Identified the +10 spear of Carved Expedience {freeze,
                  | Str+4}
  2602 | D:5      | Noticed a hornet
  2608 | D:5      | Slain by a hornet

Illustrated notes

Levels and vault maps discovered:
D:1:      heliophobic_arrival_enchanted_forest, layout_basic, serial_shops,
          nicolae_square_shop
D:2:      layout_basic, basic_altar
D:3:      layout_basic
D:4:      layout_basic, nicolae_qazlal_scattered_showers, serial_shops, shop
D:5:      layout_basic, okawaru_metal_pillars_1_2, fedhas_altar_fruit_tree,
          hellmonk_ghost_happy_afterlife, nicolae_nh_ransacked_shop

Skill      XL: |  1  2  3  4  5  6 |
---------------+-------------------+-----
Axes           | 2 3 |  3.5
Shields        | 3 4 |  4.0
Fighting       | 3 4 |  4.1
Armour         | 3 |  3.7

Action                     |  1- 3 |  4- 6 || total
---------------------------+-------+-------++-------
  Melee: War axe           |    27 |       ||    27
         Bite              |    12 |    15 ||    27
         Hand axe          |    21 |       ||    21
         Spear             |    27 |    93 ||   120
    Use: Potion            |       |     1 ||     1
 Armour: Scale mail        |    22 |    35 ||    57
  Dodge: Dodged            |    27 |    37 ||    64
  Block: Buckler           |     8 |    14 ||    22

Table legend: (Time is in decaauts)
 A = Elapsed time spent in this place.
 B = Non-inter-level travel time spent in this place.
 C = Inter-level travel time spent in this place.
 D = Time resting spent in this place.
 E = Time spent auto-exploring this place.
 F = Levels seen in this place.
 G = Mean time per level.
                   A        B        C        D        E       F      G
               +--------+--------+--------+--------+--------+-----+--------+
         Total |   2691 |   2592 |     99 |      0 |   2091 |   5 |  538.2 |
       Dungeon |   2691 |   2592 |     99 |      0 |   2091 |   5 |  538.2 |
               +--------+--------+--------+--------+--------+-----+--------+

Top non-repeatable levels by time:
     D:3: 748 daAuts
     D:4: 684 daAuts
     D:1: 591 daAuts
     D:2: 493 daAuts
     D:5: 174 daAuts
